 Dungeon Crawl Stone Soup version 0.31-a0-233-g139696dc86 (webtiles) character file.

Game seed: 11524829456524960876

88 Shard1697 the Slasher (level 4, 0/35 HPs)
             Began as a Djinni Reaver on July 8, 2023.
             Slain by an adder (4 damage)
             ... on level 2 of the Dungeon.
             The game lasted 00:01:26 (1238 turns).

Shard1697 the Slasher (Djinni Reaver)               Turns: 1238, Time: 00:01:26

Health: 0/35       AC:  3    Str: 11    XL:     4   Next: 82%
Gold:   88         EV: 11    Int: 16    God:
                   SH:  0    Dex: 12

rFire   + + .        a - +0 falchion
rCold   x . .        (no shield)
rNeg    + + +        b - +0 leather armour
rPois   ∞            (no helmet)
rElec   .            (no cloak)
rCorr   .            (no gloves)
SInv    .            (boots unavailable)
Will    +....        (no amulet)
Stlth   +            i - ring of positive energy
HPRegen 0.25/turn    k - ring "Raezeox" {rPois rN++ Will+}
MPRegen 0.00/turn

%: infuse magic (-1 HP)
@: flying
A: sickness immunity, fire resistance 2, cold vulnerability 1, float, innate
caster, HP casting, extra vitality 1
a: no special abilities


You were on level 2 of the Dungeon.
You visited 1 branch of the dungeon, and saw 2 of its levels.

You collected 88 gold pieces.

Inventory:

Hand Weapons
 a - a +0 falchion (weapon)
Armour
 b - a +0 leather armour (worn)
Jewellery
 i - a ring of positive energy (left hand)
 j - a ring of protection from fire
 k - the ring "Raezeox" (right hand) {rPois rN++ Will+}
   (You found it on level 2 of the Dungeon)

   [ring of willpower]

   rPois:     It protects you from poison.
   rN:        It greatly protects you from negative energy.
   Will:      It increases your willpower.
Scrolls
 c - 4 scrolls of teleportation {unknown}
 d - a scroll of amnesia {unknown}
 e - 2 scrolls of identify {unknown}
 f - a scroll of immolation {unknown}
 g - a scroll of poison {unknown}


   Skills:
 + Level 3.1 Fighting
 + Level 3.5 Long Blades
 - Level 2.1 Dodging
 + Level 3.2 Spellcasting
 + Level 3.2 Conjurations
 + Level 3.2 Hexes
   Level 0.0 Charms
 + Level 3.2 Summonings
 + Level 3.2 Necromancy
 + Level 3.2 Translocations
 + Level 3.2 Transmutations
 + Level 3.2 Fire Magic
 + Level 3.2 Ice Magic
 + Level 3.2 Air Magic
 + Level 3.2 Earth Magic
 + Level 3.2 Poison Magic


You knew the following spells:

 Your Spells              Type           Power      Damage    Failure   Level
a - Kiss of Death         Conj/Necr      48%        2d9       6%          1
b - Momentum Strike       Conj/Tloc      24%        3d8       10%         2
c - Hailstorm             Conj/Ice       12%        3d5       19%         3
d - Slow                  Hex            48%        N/A       6%          1
Your spell library was empty.

Dungeon Overview and Level Annotations

Branches:
Dungeon (2/15)

Altars:


Innate Abilities, Weirdness & Mutations

You are immune to sickness and miasma.
You are immune to poison.
Your flesh is very heat resistant. (rF++)
You are vulnerable to cold. (rC-)
You float through the air rather than walking.
You learn spells naturally, not from books.
Your magical power is your life essence.
You have superior vitality. (+4 MHP)


Message History

Natasha is almost dead.
Natasha is no longer moving slowly.
The cerulean imp hits you from afar with a +0 spear. x2
Natasha wildly gestures.
Natasha glows brightly for a moment.
Natasha mumbles some strange words.
You barely miss Natasha.
Natasha is almost dead.
The cerulean imp barely misses you.
The cerulean imp hits you but does no damage.
The cerulean imp hits you from afar with a +0 spear.
Natasha stares at you and mumbles some strange words.
You easily resist.
You hit Natasha but do no damage.
Natasha is almost dead.
The cerulean imp closely misses you. x2
Natasha stares at you and mumbles some strange words.
The magic dart hits you!
* * * LOW HITPOINT WARNING * * *
The cerulean imp closely misses you.
You barely miss Natasha.
Natasha is almost dead.
The cerulean imp hits you but does no damage.
The cerulean imp hits you with a +2 spear.
* * * LOW HITPOINT WARNING * * *
The cerulean imp closely misses you. Natasha closely misses you.
You hit Natasha.
You kill Natasha!
Suddenly Natasha's spirit rises from her lifeless body.
The cerulean imp disappears in a puff of smoke! x3
Your Fighting skill increases to level 3!
Casting: Slow (safe; 6% risk of failure)
Confirm with . or Enter, or press ? or * to list all spells.
Aiming: Slow (safe; 6% risk of failure)
Press: ? - help, Shift-Dir - straight line, f - adder
Aim: an adder (black smoke, chance to affect: 54%)
The adder resists with significant effort.
* * * LOW HITPOINT WARNING * * *
The adder bites you.
You die...

..................##
.#######..###....##
##.###....#
#.......## #
#..##.#.# # ##.####
##..##.#.# # ..(....
##...##.#.# #.
.......###§..###.#.#
.. #....§S@.#.#
#.#.# .#
#...§.####... .#
......§.. ##.... .#
........## ....# .#
##....... ..### #
#.....#. #.. S......
# ### ....... #


You could see an adder.

Vanquished Creatures
  Natasha (twice) (D:2)
  2 adders (D:2)
  A dart slug (D:2)
  3 bats (D:2)
  2 endoplasms (D:2)
  A giant cockroach (D:1)
  5 goblins
  2 hobgoblins (D:1)
  A kobold (D:1)
  A ball python (D:2)
20 creatures vanquished.

Notes
Turn   | Place    | Note
-------+----------+-------------------------------------------
     0 | D:1      | Shard1697 the Djinni Reaver began the quest for the Orb.
     0 | D:1      | Shard1697 set off with the following spells memorised: Kiss
                  | of Death, Momentum Strike, Hailstorm.
     0 | D:1      | Reached XP level 1. HP: 18/18 MP: 0/0
   366 | D:1      | Reached XP level 2. HP: 23/23 MP: 0/0
   807 | D:2      | Noticed Natasha
   984 | D:2      | Reached XP level 3. HP: 23/29 MP: 0/0
   984 | D:2      | Learned a level 1 spell: Slow
  1071 | D:2      | Killed Natasha
  1072 | D:2      | Reached XP level 4. HP: 9/34 MP: 0/0
  1178 | D:2      | Identified the ring "Raezeox" {rPois rN++ Will+}
  1213 | D:2      | Noticed Natasha
  1237 | D:2      | Killed Natasha
  1238 | D:2      | Slain by an adder

Illustrated notes

Levels and vault maps discovered:
D:1:      ncdulo_watergridlock, layout_loops_corners
D:2:      layout_rooms, serial_shops, nicolae_square_shop, uniq_natasha

Skill      XL: |  1  2  3  4 |
---------------+-------------+-----
Long Blades    | 3 |  3.5
Spellcasting   | 3 |  3.2
Conjurations   | 3 |  3.2
Hexes          | 3 |  3.2
Summonings     | 3 |  3.2
Necromancy     | 3 |  3.2
Translocations | 3 |  3.2
Transmutations | 3 |  3.2
Fire Magic     | 3 |  3.2
Ice Magic      | 3 |  3.2
Air Magic      | 3 |  3.2
Earth Magic    | 3 |  3.2
Poison Magic   | 3 |  3.2
Fighting       | 3 |  3.1
Dodging        | |  2.1

Action                     |  1- 3 |  4- 6 || total
---------------------------+-------+-------++-------
  Melee: Falchion          |    53 |    19 ||    72
   Cast: Slow              |     2 |     3 ||     5
    Use: Potion            |       |     1 ||     1
   Stab: Sleeping          |     1 |       ||     1
 Armour: Leather armour    |     9 |     8 ||    17
  Dodge: Dodged            |    22 |    19 ||    41

Table legend: (Time is in decaauts)
 A = Elapsed time spent in this place.
 B = Non-inter-level travel time spent in this place.
 C = Inter-level travel time spent in this place.
 D = Time resting spent in this place.
 E = Time spent auto-exploring this place.
 F = Levels seen in this place.
 G = Mean time per level.
                   A        B        C        D        E       F      G
               +--------+--------+--------+--------+--------+-----+--------+
         Total |   1247 |   1206 |     41 |     98 |    910 |   2 |  623.5 |
       Dungeon |   1247 |   1206 |     41 |     98 |    910 |   2 |  623.5 |
               +--------+--------+--------+--------+--------+-----+--------+

Top non-repeatable levels by time:
     D:1: 833 daAuts
     D:2: 413 daAuts
